PUBAA
SANTA CRUZ BEACHCOMBERS @ TERRY'S BATS
05/05/1972
 
TOP OF THE 1ST
Santa Cruz Beachcombers batting - Pitching for Terry's Bats : RHP Donald McGee
Pitching: RHP Donald McGee
Batting: LHB Sozen Yoshida 0-0: Foul Ball, location: 9LDF
0-1: Ball
1-1: Foul Ball, location: 2F
1-2: SINGLE (Line Drive, 3L, EV 99.4 MPH)
Batting: RHB Gregg Jones 0-0: Ball
1-0: Swinging Strike
1-1: Called Strike
1-2: Ball
2-2: Ground out 4-3 (Groundball, 4S, EV 87.5 MPH)
Sozen Yoshida to second
Batting: RHB George Foster 0-0: Called Strike
Sozen Yoshida steals 3rd, throwing error, E2
Sozen Yoshida to third
0-1: DOUBLE (Line Drive, 9LS, EV 108.8 MPH)
Sozen Yoshida scores
Batting: LHB Constant Gortana 0-0: Fly out, F8 (Flyball, 8LM, EV 81.3 MPH)
Batting: RHB Mickey Stanley 0-0: Ball
1-0: Fly out, F7 (Flyball, 78D, EV 108.8 MPH)
Top of the 1st over - 1 run, 2 hits, 1 error, 1 left on base; Santa Cruz 1 - Terry's 0
BOTTOM OF THE 1ST
Terry's Bats batting - Pitching for Santa Cruz Beachcombers : RHP Clarence Boyd
Pitching: RHP Clarence Boyd
Batting: LHB Jim Davis 0-0: SINGLE (Line Drive, 89M, EV 87.5 MPH)
Batting: RHB Rich Severson 0-0: Called Strike
0-1: Grounds into double play, 5-4-3 (Groundball, 56, EV 105.0 MPH)
Batting: LHB Sancho Deleón 0-0: Ball
1-0: Called Strike
1-1: Fly out, F3 (Line Drive, 4, EV 66.9 MPH)
Bottom of the 1st over - 0 runs, 1 hit, 0 errors, 0 left on base; Santa Cruz 1 - Terry's 0
TOP OF THE 2ND
Santa Cruz Beachcombers batting - Pitching for Terry's Bats : RHP Donald McGee
Batting: LHB Chris Arrington 0-0: Called Strike
0-1: Ball
1-1: Called Strike
1-2: Ground out 5-3 (Groundball, 56, EV 103.8 MPH)
Batting: RHB Pat Mathews 0-0: Called Strike
0-1: Fly out, F7 (Flyball, 78M, EV 83.8 MPH)
Batting: LHB Shawn Lee 0-0: Called Strike
0-1: Foul Ball, location: 7LSF
0-2: Ball
1-2: Strikes out looking
Top of the 2nd over - 0 runs, 0 hits, 0 errors, 0 left on base; Santa Cruz 1 - Terry's 0
BOTTOM OF THE 2ND
Terry's Bats batting - Pitching for Santa Cruz Beachcombers : RHP Clarence Boyd
Batting: RHB William Williams 0-0: Ball
1-0: Foul Ball, location: 3F
1-1: Swinging Strike
1-2: Strikes out looking
Batting: LHB Sabeeh Abdul-Nasir 0-0: Ball
1-0: Ball
2-0: Ball
3-0: Called Strike
3-1: Base on Balls
Batting: RHB Jon Compton 0-0: Ball
1-0: Fly out, F7 (Flyball, 7LD, EV 95.6 MPH)
Batting: LHB Dave Wilson 0-0: Called Strike
0-1: Called Strike
0-2: Ball
1-2: Strikes out swinging
Bottom of the 2nd over - 0 runs, 0 hits, 0 errors, 1 left on base; Santa Cruz 1 - Terry's 0
TOP OF THE 3RD
Santa Cruz Beachcombers batting - Pitching for Terry's Bats : RHP Donald McGee
Batting: RHB Anastasio Gonzáles 0-0: Ball
1-0: Called Strike
1-1: Ball
2-1: Ball
3-1: Base on Balls
Batting: LHB Sozen Yoshida 0-0: Sac Bunt to 3S - play at first, batter OUT! 3-4
Anastasio Gonzáles to second
Batting: RHB Gregg Jones 0-0: Called Strike
0-1: Ball
1-1: Foul Ball, location: 23F
1-2: Ball
2-2: Strikes out looking
Batting: RHB George Foster 0-0: Ball
1-0: Ball
2-0: Ball
3-0: Called Strike
3-1: Foul Ball, location: 7LMF
3-2: Foul Ball, location: 2F
3-2: Foul Ball, location: 2F
3-2: Strikes out swinging
Top of the 3rd over - 0 runs, 0 hits, 0 errors, 1 left on base; Santa Cruz 1 - Terry's 0
BOTTOM OF THE 3RD
Terry's Bats batting - Pitching for Santa Cruz Beachcombers : RHP Clarence Boyd
Batting: RHB Ricardo Trujillo 0-0: Called Strike
0-1: Called Strike
0-2: Foul Ball, location: 5F
0-2: Ground out 6-3 (Groundball, 6, EV 103.8 MPH)
Batting: RHB Ron Cey 0-0: Ball
1-0: Called Strike
1-1: Called Strike
1-2: Strikes out looking
Batting: LHB Jim Davis 0-0: Called Strike
0-1: Called Strike
0-2: Strikes out swinging
Bottom of the 3rd over - 0 runs, 0 hits, 0 errors, 0 left on base; Santa Cruz 1 - Terry's 0
TOP OF THE 4TH
Santa Cruz Beachcombers batting - Pitching for Terry's Bats : RHP Donald McGee
Batting: LHB Constant Gortana 0-0: Ball
1-0: Ball
2-0: Called Strike
2-1: SINGLE (Flyball, 78S, EV 88.8 MPH)
Batting: RHB Mickey Stanley 0-0: Ball
1-0: Swinging Strike
1-1: Ball
2-1: Foul Ball, location: 2F
2-2: Strikes out swinging
Batting: LHB Chris Arrington 0-0: Called Strike
0-1: Foul Ball, location: 2F
0-2: Fly out, F7 (Flyball, 7LMF, EV 76.9 MPH)
Batting: RHB Pat Mathews 0-0: Ball
1-0: Ball
2-0: Fly out, F7 (Flyball, 7D, EV 93.8 MPH)
Top of the 4th over - 0 runs, 1 hit, 0 errors, 1 left on base; Santa Cruz 1 - Terry's 0
BOTTOM OF THE 4TH
Terry's Bats batting - Pitching for Santa Cruz Beachcombers : RHP Clarence Boyd
Batting: RHB Rich Severson 0-0: Ball
1-0: Fly out, F9 (Flyball, 9LD, EV 93.8 MPH)
Batting: LHB Sancho Deleón 0-0: Swinging Strike
0-1: Ball
1-1: Called Strike
1-2: Foul Ball, location: 5DF
1-2: SOLO HOME RUN (Flyball, 78XD, EV 96.3 MPH), Distance : 368 ft
Batting: RHB William Williams 0-0: Ball
1-0: SINGLE (Groundball, 34D, EV 97.5 MPH)
Batting: LHB Sabeeh Abdul-Nasir 0-0: Fly out, F8 (Line Drive, 8LM, EV 86.9 MPH)
Batting: RHB Jon Compton 0-0: Called Strike
0-1: Ball
1-1: Ball
2-1: Called Strike
2-2: Strikes out looking
Bottom of the 4th over - 1 run, 2 hits, 0 errors, 1 left on base; Santa Cruz 1 - Terry's 1
TOP OF THE 5TH
Santa Cruz Beachcombers batting - Pitching for Terry's Bats : RHP Donald McGee
Batting: LHB Shawn Lee 0-0: SINGLE (Line Drive, 8LS, EV 95.0 MPH)
Batting: RHB Anastasio Gonzáles 0-0: Bunted foul
0-1: Bunted foul
0-2: Fly out, F8 (Line Drive, 8LM, EV 92.5 MPH)
Batting: LHB Sozen Yoshida 0-0: Foul Ball, location: 7LMF
0-1: Foul Ball, location: 5F
0-2: Foul Ball, location: 2F
0-2: Strikes out swinging
Batting: RHB Gregg Jones 0-0: Ball
Shawn Lee steals 2nd base
1-0: Ball
2-0: SINGLE (Groundball, 34D, EV 98.8 MPH)
Shawn Lee to third
Runner from 3rd tries for Home, SAFE, throw by RF to home
Batting: RHB George Foster 0-0: Called Strike
0-1: Fly out, F8 (Flyball, 8LM, EV 90.0 MPH)
Top of the 5th over - 1 run, 2 hits, 0 errors, 1 left on base; Santa Cruz 2 - Terry's 1
BOTTOM OF THE 5TH
Terry's Bats batting - Pitching for Santa Cruz Beachcombers : RHP Clarence Boyd
Batting: LHB Dave Wilson 0-0: SINGLE (Groundball, 4MD, EV 101.3 MPH)
Batting: RHB Ricardo Trujillo 0-0: Foul Ball, location: 2F
0-1: Fielders Choice at 2nd, 1-4 (Groundball, P, EV 70.6 MPH)
Batting: RHB Ron Cey 0-0: Ball
1-0: Ball
2-0: Called Strike
2-1: Ball
3-1: Foul Ball, location: 2F
3-2: Grounds into double play, 5-4-3 (Groundball, 5L, EV 83.8 MPH)
Bottom of the 5th over - 0 runs, 1 hit, 0 errors, 0 left on base; Santa Cruz 2 - Terry's 1
TOP OF THE 6TH
Santa Cruz Beachcombers batting - Pitching for Terry's Bats : RHP Donald McGee
Batting: LHB Constant Gortana 0-0: Ball
1-0: Ball
2-0: Swinging Strike
2-1: Ball
3-1: Base on Balls
Batting: RHB Mickey Stanley 0-0: Ball
1-0: Foul Ball, location: 23F
1-1: Ball
2-1: Foul Ball, location: 2F
2-2: Ball
3-2: Foul Ball, location: 5F
3-2: Base on Balls
Constant Gortana to second
Batting: LHB Chris Arrington 0-0: Ball
1-0: Fly out, F8 (Flyball, 89M, EV 91.3 MPH)
Batting: RHB Pat Mathews 0-0: Ball
1-0: Ball
2-0: Ball
3-0: Called Strike
3-1: Base on Balls
Constant Gortana to third
Mickey Stanley to second
Batting: LHB Shawn Lee 0-0: Called Strike
0-1: Swinging Strike
0-2: Ball
1-2: Ball
2-2: Ball
3-2: Base on Balls
Constant Gortana scores
Mickey Stanley to third
Pat Mathews to second
Batting: RHB Anastasio Gonzáles 0-0: Called Strike
0-1: Called Strike
0-2: Ball
1-2: Ball
2-2: Fly out, F9 (Flyball, 9LS, EV 97.5 MPH)
Batting: LHB Sozen Yoshida 0-0: Fly out, F6 (Popup, 6S, EV 68.8 MPH)
Top of the 6th over - 1 run, 0 hits, 0 errors, 3 left on base; Santa Cruz 3 - Terry's 1
BOTTOM OF THE 6TH
Terry's Bats batting - Pitching for Santa Cruz Beachcombers : RHP Clarence Boyd
Batting: LHB Jim Davis 0-0: Foul Ball, location: 2F
0-1: Foul Ball, location: 5DF
0-2: Ball
1-2: Fly out, F7 (Line Drive, 78D, EV 93.8 MPH)
Batting: RHB Rich Severson 0-0: Called Strike
0-1: Fly out, F4 (Line Drive, 4M, EV 96.3 MPH)
Batting: LHB Sancho Deleón 0-0: Foul Ball, location: 9LMFF
0-1: Foul Ball, location: 2F
0-2: Ball
1-2: Ball
2-2: Fly out, F8 (Flyball, 8RM, EV 91.3 MPH)
Bottom of the 6th over - 0 runs, 0 hits, 0 errors, 0 left on base; Santa Cruz 3 - Terry's 1
TOP OF THE 7TH
Santa Cruz Beachcombers batting - Pitching for Terry's Bats : RHP Donald McGee
Batting: RHB Gregg Jones 0-0: Ball
1-0: Foul Ball, location: 9LSF
1-1: Called Strike
1-2: Foul Ball, location: 3SF
1-2: Foul Ball, location: 2F
1-2: Ball
2-2: SINGLE (Groundball, 4MD, EV 100.0 MPH)
Batting: RHB George Foster 0-0: Called Strike
0-1: Called Strike
0-2: Foul Ball, location: 3F
0-2: Foul Ball, location: 2F
0-2: Ball
1-2: Foul Ball, location: 9LMFF
1-2: Foul Ball, location: 9LDF
1-2: Ball
2-2: Strikes out swinging
Batting: LHB Constant Gortana 0-0: Ball
1-0: Ball
Gregg Jones steals 2nd base
2-0: Intentional Walk
Batting: RHB Mickey Stanley 0-0: Called Strike
0-1: Foul Ball, location: 2F
0-2: Strikes out swinging
Batting: LHB Chris Arrington 0-0: Ball
1-0: Foul Ball, location: 23F
1-1: 3-RUN HOME RUN (Flyball, 7D, EV 91.3 MPH), Distance : 355 ft
Pitching: RHP Bill Williams
Batting: RHB Pat Mathews 0-0: Ball
1-0: Called Strike
1-1: Foul Ball, location: 2F
1-2: Foul Ball, location: 2F
1-2: Ball
2-2: Ball
3-2: DOUBLE (Line Drive, 7LS, EV 95.6 MPH)
Batting: LHB Shawn Lee 0-0: Ball
1-0: Foul Ball, location: 2F
1-1: Foul Ball, location: 23F
1-2: Ball
2-2: Fly out, F9 (Flyball, 9, EV 86.3 MPH)
Top of the 7th over - 3 runs, 3 hits, 0 errors, 1 left on base; Santa Cruz 6 - Terry's 1
BOTTOM OF THE 7TH
Terry's Bats batting - Pitching for Santa Cruz Beachcombers : RHP Clarence Boyd
Batting: RHB William Williams 0-0: Swinging Strike
0-1: Foul Ball, location: 9LDF
0-2: Foul Ball, location: 2F
0-2: Foul Ball, location: 9LMF
0-2: Ball
1-2: SINGLE (Line Drive, 78S, EV 100.6 MPH)
Batting: LHB Sabeeh Abdul-Nasir 0-0: Fly out, F6 (Line Drive, 56D, EV 68.8 MPH)
Batting: RHB Jon Compton 0-0: Called Strike
0-1: Ball
1-1: Ball
2-1: SINGLE (Groundball, 6MD, EV 102.5 MPH)
William Williams to second
Batting: LHB Dave Wilson 0-0: SINGLE (Groundball, 13S, EV 66.9 MPH) (infield hit)
William Williams to third
Jon Compton to second
Batting: RHB Ricardo Trujillo 0-0: Called Strike
0-1: Grounds into fielders choice 1-2 (Groundball, 15, EV 65.0 MPH)
Jon Compton to third
Dave Wilson to second
Batting: RHB Ron Cey 0-0: Ball
1-0: Swinging Strike
1-1: Foul Ball, location: 2F
1-2: Ball
2-2: Ball
3-2: Strikes out swinging
Bottom of the 7th over - 0 runs, 3 hits, 0 errors, 3 left on base; Santa Cruz 6 - Terry's 1
TOP OF THE 8TH
Santa Cruz Beachcombers batting - Pitching for Terry's Bats : RHP Bill Williams
Batting: RHB Anastasio Gonzáles 0-0: Foul Ball, location: 2F
0-1: SINGLE (Line Drive, 56D, EV 96.9 MPH)
Batting: LHB Sozen Yoshida 0-0: Ball
1-0: Ball
2-0: Ball
3-0: Called Strike
3-1: Fielders Choice at 2nd, 6-4 (Groundball, 6, EV 96.9 MPH)
Batting: RHB Gregg Jones 0-0: Ball
Sozen Yoshida is caught stealing 2nd base 2-4
1-0: Foul Ball, location: 2F
1-1: Called Strike
1-2: Ball
2-2: Ball
3-2: Ground out 6-3 (Groundball, 6, EV 93.1 MPH)
Top of the 8th over - 0 runs, 1 hit, 0 errors, 0 left on base; Santa Cruz 6 - Terry's 1
BOTTOM OF THE 8TH
Terry's Bats batting - Pitching for Santa Cruz Beachcombers : RHP Clarence Boyd
Batting: LHB Jim Davis 0-0: Ball
1-0: Ground out 4-3 (Groundball, 4, EV 108.8 MPH)
Batting: RHB Rich Severson 0-0: Ball
1-0: Foul Ball, location: 2F
1-1: Swinging Strike
1-2: Ball
2-2: Ball
3-2: SINGLE (Line Drive, 4D, EV 99.4 MPH)
Batting: LHB Sancho Deleón 0-0: Ball
1-0: Ball
2-0: Ball
3-0: Fly out, F9 (Flyball, 89S, EV 80.6 MPH)
Pitching: RHP Roger MacNamara
Batting: RHB William Williams 0-0: Ball
1-0: Swinging Strike
1-1: Fly out, F9 (Line Drive, 9S, EV 86.9 MPH)
Bottom of the 8th over - 0 runs, 1 hit, 0 errors, 1 left on base; Santa Cruz 6 - Terry's 1
TOP OF THE 9TH
Santa Cruz Beachcombers batting - Pitching for Terry's Bats : RHP Bill Williams
Batting: RHB George Foster 0-0: Foul Ball, location: 23F
0-1: Swinging Strike
0-2: Ground out 3-1 (Groundball, 34, EV 103.8 MPH)
Batting: LHB Constant Gortana 0-0: Foul Ball, location: 3FF
0-1: SINGLE (Line Drive, 78S, EV 92.5 MPH)
Batting: RHB Mickey Stanley 0-0: Ball
1-0: Called Strike
1-1: Ball
2-1: Foul Ball, location: 2F
2-2: Fly out, F8 (Flyball, 8RD, EV 100.6 MPH)
Batting: LHB Chris Arrington 0-0: Called Strike
0-1: Ball
1-1: Ball
2-1: Foul Ball, location: 7LDF
2-2: Ball
3-2: Base on Balls
Constant Gortana to second
Batting: RHB Pat Mathews 0-0: Fly out, F7 (Flyball, 7, EV 91.3 MPH)
Top of the 9th over - 0 runs, 1 hit, 0 errors, 2 left on base; Santa Cruz 6 - Terry's 1
BOTTOM OF THE 9TH
Terry's Bats batting - Pitching for Santa Cruz Beachcombers : RHP Roger MacNamara
Batting: LHB Sabeeh Abdul-Nasir 0-0: Ball
1-0: DOUBLE (Line Drive, 89M, EV 103.8 MPH)
Batting: RHB Jon Compton 0-0: Called Strike
0-1: Foul Ball, location: 25F
0-2: Ball
1-2: Strikes out swinging
Batting: LHB Dave Wilson 0-0: Ground out 6-3 (Groundball, 6M, EV 86.9 MPH)
Batting: RHB Ricardo Trujillo 0-0: Swinging Strike
0-1: Ground out 5-3 (Groundball, 56S, EV 72.5 MPH)
Bottom of the 9th over - 0 runs, 1 hit, 0 errors, 1 left on base; Santa Cruz 6 - Terry's 1
Wednesday, March 6th , 2024 - OOTP Baseball 24.8 Build 75